Canucks vs Canadiens
Created - April 16, 2024 at 19:09
Goals
|
| Canucks |
0 |
0 |
1 |
1 |
| Canadiens |
0 |
5 |
0 |
5 |
|
Shots
|
| Canucks |
6 |
9 |
12 |
27 |
| Canadiens |
15 |
8 |
9 |
32 |
|
1st period
No Goal
Penalties :
Alexander Kerfoot (Van) for Roughing (Minor) at 0:22
2nd period
1. Canadiens , Marcus Kruger 19 (Cody Eakin 11) at 3:08
2. Canadiens , Chris Kreider 38 (Mika Zibanejad 63, Rasmus Ristolainen 57) at 4:49
3. Canadiens , Marcus Kruger 20 (Cody Eakin 12) at 14:40
4. Canadiens , Marcus Kruger 21 (Rasmus Ristolainen 58, Cody Eakin 13) at 16:43
5. Canadiens , Justin Schultz 5 (Brent Burns 15) at 17:35
Penalties :
Justin Schultz (Mon) for High sticking (Minor) at 6:34, Alexander Kerfoot (Van) for Slashing (Minor) at 7:30, Derek Roy (Van) for Goalie Interference (Minor) at 11:41, Oliver Ekman-Larsson (Van) for Hooking (Minor) at 19:07
3rd period
6. Canucks , Jordan Eberle 20 (Robert Nilsson 29) at 11:04
Penalties :
Justin Schultz (Mon) for High sticking (Minor) at 5:04, Brian Dumoulin (Mon) for Holding (Minor) at 13:04, Gilbert Brule (Van) for Roughing (Minor) at 16:35
Goalie Stats
Matt Hackett (Van), 9 saves from 9 shots - (1.000), 22:25 minutes
Petr Mrazek (Van), 18 saves from 23 shots - (0.783), L, 38-25-6, 37:35 minutes
Robin Lehner (Mon), 26 saves from 27 shots - (0.963), W, 30-20-5, 60:00 minutes
Players Stats for Canucks
Player Name G A P +/- PIM S H SB GA TA FO MP PP MP PK MP
------------------------------------------------------------------------------------
Alexander Edler 0 0 0 0 0 0 0 2 0 0 0/0 10:49 0:00 1:34
Alexander Kerfoot 0 0 0 0 4 3 3 0 2 0 17/24 15:40 2:39 0:00
Beau Bennett 0 0 0 -2 0 0 1 0 1 0 0/0 8:14 0:09 0:00
Ben Harpur 0 0 0 0 0 0 0 2 0 0 0/0 8:58 0:00 0:00
Chris Bourque 0 0 0 -3 0 1 3 0 0 0 0/0 12:07 0:00 1:00
Denis Gurianov 0 0 0 1 0 1 1 0 1 0 0/0 14:03 2:05 0:00
Derek Roy 0 0 0 -2 2 1 1 0 0 0 2/3 8:06 0:00 0:03
Gilbert Brule 0 0 0 -3 2 1 1 1 1 0 1/2 12:08 0:12 0:22
Ilya Kovalchuk 0 0 0 -3 0 0 1 2 0 0 1/1 10:22 0:00 0:00
J.T. Miller 0 0 0 0 0 7 1 0 0 0 7/10 21:57 2:49 5:14
Jordan Eberle 1 0 1 1 0 4 1 0 0 0 2/2 20:16 2:05 5:10
Lawson Crouse 0 0 0 0 0 0 4 0 1 0 0/0 20:35 2:37 3:13
Oliver Ekman-Larsson 0 0 0 -2 2 5 1 0 2 2 0/0 28:58 3:15 3:54
Robert Nilsson 0 1 1 1 0 1 2 0 1 0 3/8 17:57 2:05 2:42
Teemu Hartikainen 0 0 0 -2 0 0 0 0 1 0 0/0 8:04 0:00 0:00
Tony DeAngelo 0 0 0 -2 0 1 0 6 0 1 0/0 20:44 1:39 3:24
Travis Hamonic 0 0 0 -2 0 2 0 0 1 2 0/0 26:19 3:15 2:25
Tyler Myers 0 0 0 -2 0 0 1 0 0 1 0/0 24:43 1:39 6:27
Players Stats for Canadiens
Player Name G A P +/- PIM S H SB GA TA FO MP PP MP PK MP
------------------------------------------------------------------------------------
Alexandre Grenier 0 0 0 1 0 1 0 1 0 0 0/0 9:48 0:00 0:00
Artemi Panarin 0 0 0 -1 0 4 0 0 0 2 2/2 19:26 4:09 2:58
Brandon Bollig 0 0 0 3 0 1 2 0 0 1 0/0 11:01 0:00 0:45
Brent Burns 0 1 1 1 0 0 0 0 0 2 0/0 20:36 3:55 2:06
Brian Dumoulin 0 0 0 1 2 0 1 1 0 0 0/0 18:11 3:55 1:16
Cam Fowler 0 0 0 2 0 2 1 1 0 2 0/0 27:53 4:57 2:48
Chris Kreider 1 0 1 1 0 6 2 0 0 1 2/8 22:32 4:44 2:58
Cody Eakin 0 3 3 3 0 1 0 0 0 1 0/2 10:16 0:03 0:00
Corban Knight 0 0 0 1 0 0 1 0 0 0 1/3 9:48 0:00 0:00
David Pastrnak 0 0 0 1 0 3 1 0 0 0 0/1 19:45 4:43 1:11
Jiri Sekac 0 0 0 1 0 1 0 0 0 0 0/0 10:36 0:00 0:45
Jordan Szwarz 0 0 0 -1 0 3 2 0 2 0 0/0 15:21 4:05 0:00
Justin Schultz 1 0 1 1 4 1 1 0 0 0 0/0 14:04 0:04 0:50
Marcus Kruger 3 0 3 3 0 3 1 0 0 1 0/0 10:13 0:00 0:00
Mika Zibanejad 0 1 1 1 0 2 1 0 1 0 9/25 19:45 4:43 1:11
Rasmus Ristolainen 0 2 2 2 0 2 1 1 2 0 0/0 27:53 4:57 2:48
Sean Zimmerman 0 0 0 1 0 0 0 0 0 1 0/0 11:31 0:00 0:00
Vincent Trocheck 0 0 0 -1 0 2 2 0 1 0 3/9 15:21 4:05 0:00
3 Stars
1 - Marcus Kruger (Mon)
2 - Cody Eakin (Mon)
3 - Robin Lehner (Mon)
Power Play
Canucks - 0 on 3 Attempt(s) - 0.00%
Canadiens - 0 on 5 Attempt(s) - 0.00%
Penalty Kill
Canucks - 5 on 5 Attempt(s) - 100.00%
- Score 0 goal in Penalty Kill
Canadiens - 3 on 3 Attempt(s) - 100.00%
- Score 0 goal in Penalty Kill
Team Stat
Canucks - Hits : 21 - Faceoff Wins : 33 - Blocked Shots : 13 - Penalty Minutes : 10
Canadiens - Hits : 16 - Faceoff Wins : 17 - Blocked Shots : 4 - Penalty Minutes : 6
Official
Referees : Ghislain Hebert and Dan O'Rourke
Linesman : Brian Mach and Travis Toomey
Game Notes
Marcus Kruger has scored a Hat Trick!
Matt Hackett enters game at 17:35 of 2nd period
Finance
Level 1 -- Attendance: 6000 (100.00%) -- Ticket Income $600,000
Level 2 -- Attendance: 5000 (100.00%) -- Ticket Income $300,000
Level 3 -- Attendance: 2000 (100.00%) -- Ticket Income $70,000
Level 4 -- Attendance: 4000 (100.00%) -- Ticket Income $100,000
Luxury Box -- Attendance: 935 (93.50%) -- Ticket Income $187,000
Game was played at the Centre Bell.
Total Attendance: 17935 (99.64%)
Total Ticket Income: $1,257,000
Other Income: $188,550
Total Income: $1,445,550
Canucks
5 vs 5 Forward
Center Left Wing Right Wing Time % Phy DF OF
1 Alexander Kerfoot J.T. Miller Lawson Crouse 62 1 2 2
2 Robert Nilsson Denis Gurianov Jordan Eberle 26 1 2 2
3 Gilbert Brule Chris Bourque Ilya Kovalchuk 8 1 2 2
4 Derek Roy Teemu Hartikainen Beau Bennett 4 1 2 2
5 vs 5 Defense
Defense Defense Time % Phy DF OF
1 Oliver Ekman-Larsson Travis Hamonic 62 1 2 2
2 Tyler Myers Tony DeAngelo 25 1 2 2
3 Alexander Edler Ben Harpur 8 1 2 2
4 Oliver Ekman-Larsson Tony DeAngelo 5 1 2 2
PowerPlay Forward
Center Left Wing Right Wing Time % Phy DF OF
1 Alexander Kerfoot J.T. Miller Lawson Crouse 70 0 0 5
2 Robert Nilsson Denis Gurianov Jordan Eberle 30 0 0 5
PowerPlay Defense
Defense Defense Time % Phy DF OF
1 Oliver Ekman-Larsson Travis Hamonic 75 0 0 5
2 Tyler Myers Tony DeAngelo 25 0 0 5
Penalty Kill 4 Players Forward
Center Wing Time % Phy DF OF
1 J.T. Miller Jordan Eberle 60 1 2 2
2 Robert Nilsson Lawson Crouse 40 1 2 2
Penalty Kill 4 Players Defense
Defense Defense Time % Phy DF OF
1 Oliver Ekman-Larsson Tyler Myers 60 1 2 2
2 Travis Hamonic Tony DeAngelo 40 1 2 2
Penalty Kill - 3 Players Forward
Forward Time % Phy DF OF
1 J.T. Miller 60 1 2 2
2 Robert Nilsson 40 1 2 2
Penalty Kill - 3 Players Defense
Defense Defense Time % Phy DF OF
1 Oliver Ekman-Larsson Tyler Myers 60 1 2 2
2 Travis Hamonic Tony DeAngelo 40 1 2 2
4 vs 4 Forward
Center Wing Time % Phy DF OF
1 J.T. Miller Jordan Eberle 60 1 2 2
2 Robert Nilsson Lawson Crouse 40 1 2 2
4 vs 4 Defense
Defense Defense Time % Phy DF OF
1 Oliver Ekman-Larsson Travis Hamonic 60 1 2 2
2 Tyler Myers Tony DeAngelo 40 1 2 2
Last Minutes Offensive
Center Left Wing Right Wing Defense Defense
Alexander Kerfoot J.T. Miller Lawson Crouse Oliver Ekman-Larsson Travis Hamonic
Last Minutes Defensive
Center Left Wing Right Wing Defense Defense
Alexander Kerfoot J.T. Miller Jordan Eberle Oliver Ekman-Larsson Travis Hamonic
Goaltenders
Starting : Petr Mrazek
Backup : Matt Hackett
Extra Forwards
Normal : Gilbert Brule, Beau Bennett, Lawson Crouse - PP : Gilbert Brule, Beau Bennett - PK : Lawson Crouse
Extra Defensemen
Normal : Tony DeAngelo, Travis Hamonic, Alexander Edler - PP : Tony DeAngelo - PK : Tony DeAngelo, Alexander Edler
Penalty Shots
J.T. Miller, Jordan Eberle, Robert Nilsson, Denis Gurianov, Lawson Crouse
Custom OT Lines Forwards
J.T. Miller, Jordan Eberle, Lawson Crouse, Derek Roy, Ilya Kovalchuk, Gilbert Brule, Chris Bourque, Beau Bennett, Robert Nilsson, Teemu Hartikainen
Custom OT Lines Defensemen
Oliver Ekman-Larsson, Travis Hamonic, Tony DeAngelo, Tyler Myers, Alexander Edler
Scratches
None
Canadiens
5 vs 5 Forward
Center Left Wing Right Wing Time % Phy DF OF
1 Mika Zibanejad Chris Kreider David Pastrnak 40 0 2 3
2 Vincent Trocheck Artemi Panarin Jordan Szwarz 30 0 2 3
3 Cody Eakin Brandon Bollig Marcus Kruger 20 0 2 3
4 Corban Knight Jiri Sekac Alexandre Grenier 10 0 2 3
5 vs 5 Defense
Defense Defense Time % Phy DF OF
1 Rasmus Ristolainen Cam Fowler 40 0 2 3
2 Brent Burns Justin Schultz 30 0 2 3
3 Sean Zimmerman Brian Dumoulin 20 0 2 3
4 Rasmus Ristolainen Cam Fowler 10 0 2 3
PowerPlay Forward
Center Left Wing Right Wing Time % Phy DF OF
1 Mika Zibanejad Chris Kreider David Pastrnak 60 0 1 4
2 Vincent Trocheck Artemi Panarin Jordan Szwarz 40 0 1 4
PowerPlay Defense
Defense Defense Time % Phy DF OF
1 Rasmus Ristolainen Cam Fowler 60 0 1 4
2 Brian Dumoulin Brent Burns 40 0 1 4
Penalty Kill 4 Players Forward
Center Wing Time % Phy DF OF
1 Chris Kreider Artemi Panarin 60 1 2 2
2 Mika Zibanejad David Pastrnak 40 1 2 2
Penalty Kill 4 Players Defense
Defense Defense Time % Phy DF OF
1 Rasmus Ristolainen Cam Fowler 60 1 2 2
2 Brian Dumoulin Brent Burns 40 1 2 2
Penalty Kill - 3 Players Forward
Forward Time % Phy DF OF
1 Chris Kreider 60 0 3 2
2 Artemi Panarin 40 0 3 2
Penalty Kill - 3 Players Defense
Defense Defense Time % Phy DF OF
1 Rasmus Ristolainen Cam Fowler 60 0 3 2
2 Brian Dumoulin Brent Burns 40 0 3 2
4 vs 4 Forward
Center Wing Time % Phy DF OF
1 Chris Kreider Artemi Panarin 60 0 2 3
2 Mika Zibanejad David Pastrnak 40 0 2 3
4 vs 4 Defense
Defense Defense Time % Phy DF OF
1 Rasmus Ristolainen Cam Fowler 60 0 2 3
2 Brian Dumoulin Brent Burns 40 0 2 3
Last Minutes Offensive
Center Left Wing Right Wing Defense Defense
Mika Zibanejad Chris Kreider David Pastrnak Rasmus Ristolainen Cam Fowler
Last Minutes Defensive
Center Left Wing Right Wing Defense Defense
Mika Zibanejad Chris Kreider David Pastrnak Rasmus Ristolainen Cam Fowler
Goaltenders
Starting : Robin Lehner
Backup : Andrei Vasilevskiy
Extra Forwards
Normal : Jordan Szwarz, Cody Eakin, Brandon Bollig - PP : Jordan Szwarz, Cody Eakin - PK : Brandon Bollig
Extra Defensemen
Normal : Sean Zimmerman, Justin Schultz, Brian Dumoulin - PP : Sean Zimmerman - PK : Justin Schultz, Brian Dumoulin
Penalty Shots
Chris Kreider, Artemi Panarin, Mika Zibanejad, David Pastrnak, Marcus Kruger
Custom OT Lines Forwards
Chris Kreider, Artemi Panarin, Mika Zibanejad, David Pastrnak, Marcus Kruger, Jordan Szwarz, Vincent Trocheck, Cody Eakin, Brandon Bollig, Corban Knight
Custom OT Lines Defensemen
Rasmus Ristolainen, Cam Fowler, Brian Dumoulin, Brent Burns, Sean Zimmerman
Scratches
None
% Time on Ice - Canucks
Lines # - Real PCT - Wanted PCT - Time Play
Normal Forward
1 - 30% - 62% - 13:35
2 - 29% - 26% - 13:10
3 - 23% - 8% - 10:22
4 - 18% - 4% - 8:04
Normal Defense
1 - 47% - 62% - 21:06
2 - 33% - 25% - 15:07
3 - 19% - 8% - 8:24
4 - 1% - 5% - 0:34
PP Forward
1 - 57% - 70% - 2:49
2 - 43% - 30% - 2:05
PP Defense
1 - 66% - 75% - 3:15
2 - 34% - 25% - 1:39
PK Forward
1 - 70% - 60% - 6:10
2 - 30% - 40% - 2:42
PK Defense
1 - 73% - 60% - 6:28
2 - 27% - 40% - 2:24
PK3 Forward
1 - 0% - 60%
2 - 0% - 40%
PK3 Defense
1 - 0% - 60%
2 - 0% - 40%
44 Forward
1 - 100% - 60% - 1:03
2 - 0% - 40% - 0:00
44 Defense
1 - 100% - 60% - 1:03
2 - 0% - 40% - 0:00
Last Minute Offensive - 0:00
Last Minute Defensive - 0:00
Total
Forward - 60:00
Defense - 60:00
|
% Time on Ice - Canadiens
Lines # - Real PCT - Wanted PCT - Time Play
Normal Forward
1 - 31% - 40% - 13:50
2 - 25% - 30% - 11:20
3 - 23% - 20% - 10:13
4 - 22% - 10% - 9:48
Normal Defense
1 - 39% - 40% - 17:44
2 - 32% - 30% - 14:35
3 - 25% - 20% - 11:31
4 - 3% - 10% - 1:21
PP Forward
1 - 54% - 60% - 4:47
2 - 46% - 40% - 4:05
PP Defense
1 - 56% - 60% - 4:57
2 - 44% - 40% - 3:55
PK Forward
1 - 76% - 60% - 3:43
2 - 24% - 40% - 1:11
PK Defense
1 - 57% - 60% - 2:48
2 - 43% - 40% - 2:06
PK3 Forward
1 - 0% - 60%
2 - 0% - 40%
PK3 Defense
1 - 0% - 60%
2 - 0% - 40%
44 Forward
1 - 100% - 60% - 1:03
2 - 0% - 40% - 0:00
44 Defense
1 - 100% - 60% - 1:03
2 - 0% - 40% - 0:00
Last Minute Offensive - 0:00
Last Minute Defensive - 0:00
Total
Forward - 60:00
Defense - 60:00
|
Play-by-Play
1st period
0:01 of 1st period - Mika Zibanejad wins face-off versus Alexander Kerfoot in neutral zone.
0:04 of 1st period - Slapshot by Mika Zibanejad.
0:04 of 1st period - Shot Misses the Net.
0:22 of 1st period - Minor Penalty to Alexander Kerfoot for Roughing.
0:23 of 1st period - J.T. Miller wins face-off versus Mika Zibanejad in Canucks zone.
0:32 of 1st period - Snap shot by Rasmus Ristolainen.
0:32 of 1st period - Stopped by Petr Mrazek without a rebound.
0:33 of 1st period - Jordan Eberle wins face-off versus Mika Zibanejad in Canucks zone.
0:40 of 1st period - Snap shot by Chris Kreider.
0:40 of 1st period - Stopped by Petr Mrazek with a rebound.
0:53 of 1st period - Snap shot by Mika Zibanejad.
0:53 of 1st period - Stopped by Petr Mrazek with a rebound.
0:55 of 1st period - Slapshot by Cam Fowler.
0:55 of 1st period - Deflect By Oliver Ekman-Larsson.
0:55 of 1st period - Stopped by Petr Mrazek with a rebound.
1:13 of 1st period - Snap shot by David Pastrnak.
1:13 of 1st period - Stopped by Petr Mrazek with a rebound.
1:15 of 1st period - Snap shot by Chris Kreider.
1:15 of 1st period - Stopped by Petr Mrazek with a rebound.
2:22 of 1st period - Penalty to Alexander Kerfoot is over, Alexander Kerfoot is back on ice.
3:41 of 1st period - Corban Knight is hit by Chris Bourque and loses puck.
4:08 of 1st period - Icing by Artemi Panarin.
4:09 of 1st period - Vincent Trocheck wins face-off versus Robert Nilsson in Canadiens zone.
4:16 of 1st period - Slapshot by David Pastrnak.
4:16 of 1st period - Stopped by Petr Mrazek without a rebound.
4:17 of 1st period - J.T. Miller wins face-off versus Chris Kreider in Canucks zone.
4:26 of 1st period - Oliver Ekman-Larsson is hit by Chris Kreider and loses puck.
5:55 of 1st period - Wrist shot by J.T. Miller.
5:55 of 1st period - Stopped by Robin Lehner without a rebound.
5:56 of 1st period - Mika Zibanejad wins face-off versus Alexander Kerfoot in Canadiens zone.
6:11 of 1st period - Slapshot by Rasmus Ristolainen.
6:11 of 1st period - Stopped by Petr Mrazek with a rebound.
6:31 of 1st period - Slapshot by Rasmus Ristolainen.
6:31 of 1st period - Shot Misses the Net.
7:09 of 1st period - Snap shot by Chris Kreider.
7:09 of 1st period - Shot Hit the Post.
7:11 of 1st period - Snap shot by Chris Kreider.
7:11 of 1st period - Stopped by Petr Mrazek with a rebound.
7:29 of 1st period - Sean Zimmerman is hit by Robert Nilsson and loses puck.
7:36 of 1st period - Snap shot by Jordan Eberle.
7:36 of 1st period - Stopped by Robin Lehner without a rebound.
7:37 of 1st period - Mika Zibanejad wins face-off versus Robert Nilsson in Canadiens zone.
8:09 of 1st period - Snap shot by Denis Gurianov.
8:09 of 1st period - Shot Blocked by Brian Dumoulin.
8:31 of 1st period - Icing by Jordan Szwarz.
8:32 of 1st period - Alexander Kerfoot wins face-off versus Vincent Trocheck in Canadiens zone.
9:08 of 1st period - Wrist shot by Artemi Panarin.
9:08 of 1st period - Stopped by Petr Mrazek with a rebound.
9:10 of 1st period - Slapshot by Rasmus Ristolainen.
9:10 of 1st period - Deflect By Jordan Szwarz.
9:10 of 1st period - Stopped by Petr Mrazek with a rebound.
9:26 of 1st period - Wrist shot by Jordan Szwarz.
9:26 of 1st period - Shot Blocked by Tony DeAngelo.
9:30 of 1st period - Wrist shot by Artemi Panarin.
9:30 of 1st period - Shot Misses the Net.
9:32 of 1st period - Slapshot by Artemi Panarin.
9:32 of 1st period - Stopped by Petr Mrazek with a rebound.
9:42 of 1st period - Slapshot by Artemi Panarin.
9:42 of 1st period - Shot Misses the Net.
9:44 of 1st period - Slapshot by Rasmus Ristolainen.
9:44 of 1st period - Shot Blocked by Tony DeAngelo.
10:06 of 1st period - Tyler Myers is hit by Vincent Trocheck and loses puck.
10:32 of 1st period - Wrist shot by Vincent Trocheck.
10:32 of 1st period - Shot Misses the Net.
11:03 of 1st period - Artemi Panarin is hit by Oliver Ekman-Larsson and loses puck.
11:16 of 1st period - Snap shot by Oliver Ekman-Larsson.
11:16 of 1st period - Stopped by Robin Lehner without a rebound.
11:17 of 1st period - Alexander Kerfoot wins face-off versus Mika Zibanejad in Canadiens zone.
11:44 of 1st period - Cody Eakin is hit by Robert Nilsson and loses puck.
12:14 of 1st period - Slapshot by Chris Bourque.
12:14 of 1st period - Shot Misses the Net.
12:16 of 1st period - Slapshot by Travis Hamonic.
12:16 of 1st period - Shot Misses the Net.
12:18 of 1st period - Slapshot by Oliver Ekman-Larsson.
12:18 of 1st period - Shot Misses the Net.
12:28 of 1st period - Slapshot by Rasmus Ristolainen.
12:28 of 1st period - Shot Misses the Net.
13:23 of 1st period - Wrist shot by Alexander Kerfoot.
13:23 of 1st period - Stopped by Robin Lehner with a rebound.
13:25 of 1st period - Slapshot by J.T. Miller.
13:25 of 1st period - Shot Misses the Net.
13:27 of 1st period - Wrist shot by Travis Hamonic.
13:27 of 1st period - Stopped by Robin Lehner with a rebound.
13:59 of 1st period - Icing by Alexander Edler.
14:00 of 1st period - Alexander Kerfoot wins face-off versus Corban Knight in Canucks zone.
14:28 of 1st period - Snap shot by David Pastrnak.
14:28 of 1st period - Stopped by Petr Mrazek with a rebound.
15:03 of 1st period - Brandon Bollig is hit by Tyler Myers.
15:07 of 1st period - Slapshot by Cody Eakin.
15:07 of 1st period - Deflect By Brandon Bollig.
15:07 of 1st period - Shot Misses the Net.
15:07 of 1st period - Puck is out of play.
15:08 of 1st period - Mika Zibanejad wins face-off versus Gilbert Brule in Canucks zone.
15:57 of 1st period - Wrist shot by Cody Eakin.
15:57 of 1st period - Stopped by Petr Mrazek with a rebound.
16:40 of 1st period - Slapshot by J.T. Miller.
16:40 of 1st period - Stopped by Robin Lehner with a rebound.
17:41 of 1st period - Snap shot by Denis Gurianov.
17:41 of 1st period - Deflect By Jordan Eberle.
17:41 of 1st period - Shot Misses the Net.
17:41 of 1st period - Puck is out of play.
17:42 of 1st period - Robert Nilsson wins face-off versus Corban Knight in Canadiens zone.
17:43 of 1st period - Wrist shot by Jordan Eberle.
17:43 of 1st period - Shot Blocked by Cam Fowler.
18:03 of 1st period - Slapshot by Alexandre Grenier.
18:03 of 1st period - Stopped by Petr Mrazek with a rebound.
18:24 of 1st period - Snap shot by Rasmus Ristolainen.
18:24 of 1st period - Shot Misses the Net.
18:26 of 1st period - Slapshot by Corban Knight.
18:26 of 1st period - Shot Misses the Net.
19:30 of 1st period - Slapshot by Robert Nilsson.
19:30 of 1st period - Shot Hit the Post.
Goals for this period are 0 for Canucks vs 0 for Canadiens.
Shots for this period are 6 for Canucks vs 15 for Canadiens.
2nd period
0:01 of 2nd period - Alexander Kerfoot wins face-off versus Mika Zibanejad in neutral zone.
0:59 of 2nd period - Slapshot by Travis Hamonic.
0:59 of 2nd period - Stopped by Robin Lehner with a rebound.
1:27 of 2nd period - Alexander Edler is hit by Marcus Kruger and loses puck.
2:08 of 2nd period - Snap shot by Mika Zibanejad.
2:08 of 2nd period - Shot Blocked by Tony DeAngelo.
2:10 of 2nd period - Wrist shot by Mika Zibanejad.
2:10 of 2nd period - Shot Blocked by Ilya Kovalchuk.
2:12 of 2nd period - Slapshot by Cam Fowler.
2:12 of 2nd period - Shot Misses the Net.
2:22 of 2nd period - Cam Fowler is hit by Jordan Eberle and loses puck.
2:56 of 2nd period - Brian Dumoulin is hit by Beau Bennett and loses puck.
3:08 of 2nd period - Wrist shot by Marcus Kruger.
3:08 of 2nd period - Goal by Marcus Kruger - Canucks : 0 - Canadiens : 1.
3:09 of 2nd period - Mika Zibanejad wins face-off versus Alexander Kerfoot in neutral zone.
3:20 of 2nd period - Slapshot by Alexander Kerfoot.
3:20 of 2nd period - Stopped by Robin Lehner with a rebound.
3:22 of 2nd period - Wrist shot by Travis Hamonic.
3:22 of 2nd period - Shot Misses the Net.
3:34 of 2nd period - Cam Fowler is hit by Gilbert Brule and loses puck.
3:51 of 2nd period - Ilya Kovalchuk is hit by Mika Zibanejad and loses puck.
4:38 of 2nd period - Wrist shot by Chris Bourque.
4:38 of 2nd period - Shot Misses the Net.
4:47 of 2nd period - Wrist shot by Chris Kreider.
4:47 of 2nd period - Shot Misses the Net.
4:49 of 2nd period - Wrist shot by Mika Zibanejad.
4:49 of 2nd period - Deflect By Chris Kreider.
4:49 of 2nd period - Goal by Chris Kreider - Canucks : 0 - Canadiens : 2.
4:50 of 2nd period - Alexander Kerfoot wins face-off versus Vincent Trocheck in neutral zone.
4:53 of 2nd period - Jordan Szwarz is hit by Alexander Kerfoot and loses puck.
5:16 of 2nd period - Robert Nilsson is hit by Brandon Bollig.
5:44 of 2nd period - Lawson Crouse is hit by Brian Dumoulin.
6:16 of 2nd period - Slapshot by Brent Burns.
6:16 of 2nd period - Shot Blocked by Tony DeAngelo.
6:18 of 2nd period - Slapshot by Jiri Sekac.
6:18 of 2nd period - Stopped by Petr Mrazek with a rebound.
6:34 of 2nd period - Minor Penalty to Justin Schultz for High sticking.
6:35 of 2nd period - Alexander Kerfoot wins face-off versus Chris Kreider in Canadiens zone.
7:30 of 2nd period - Minor Penalty to Alexander Kerfoot for Slashing.
7:31 of 2nd period - Artemi Panarin wins face-off versus J.T. Miller in Canucks zone.
7:40 of 2nd period - Icing by Oliver Ekman-Larsson.
7:41 of 2nd period - Artemi Panarin wins face-off versus J.T. Miller in Canucks zone.
7:42 of 2nd period - Wrist shot by Chris Kreider.
7:42 of 2nd period - Shot Misses the Net.
7:50 of 2nd period - Slapshot by J.T. Miller.
7:50 of 2nd period - Stopped by Robin Lehner with a rebound.
7:52 of 2nd period - Snap shot by Jordan Eberle.
7:52 of 2nd period - Stopped by Robin Lehner with a rebound.
7:54 of 2nd period - Slapshot by Oliver Ekman-Larsson.
7:54 of 2nd period - Stopped by Robin Lehner with a rebound.
7:56 of 2nd period - Slapshot by Travis Hamonic.
7:56 of 2nd period - Shot Blocked by Rasmus Ristolainen.
7:58 of 2nd period - Snap shot by J.T. Miller.
7:58 of 2nd period - Shot Misses the Net.
8:00 of 2nd period - Wrist shot by J.T. Miller.
8:00 of 2nd period - Stopped by Robin Lehner without a rebound.
8:01 of 2nd period - Chris Kreider wins face-off versus J.T. Miller in Canadiens zone.
8:06 of 2nd period - Slapshot by Rasmus Ristolainen.
8:06 of 2nd period - Deflect By Artemi Panarin.
8:06 of 2nd period - Shot Misses the Net.
8:06 of 2nd period - Puck is out of play.
8:07 of 2nd period - J.T. Miller wins face-off versus Chris Kreider in Canucks zone.
8:12 of 2nd period - Slapshot by Oliver Ekman-Larsson.
8:12 of 2nd period - Stopped by Robin Lehner with a rebound.
8:20 of 2nd period - Travis Hamonic is hit by Rasmus Ristolainen and loses puck.
8:34 of 2nd period - Penalty to Justin Schultz is over, Justin Schultz is back on ice.
9:30 of 2nd period - Penalty to Alexander Kerfoot is over, Alexander Kerfoot is back on ice.
9:41 of 2nd period - Snap shot by Brandon Bollig.
9:41 of 2nd period - Stopped by Petr Mrazek without a rebound.
9:42 of 2nd period - Derek Roy wins face-off versus Cody Eakin in Canucks zone.
9:53 of 2nd period - Snap shot by Derek Roy.
9:53 of 2nd period - Stopped by Robin Lehner with a rebound.
10:13 of 2nd period - Slapshot by Mika Zibanejad.
10:13 of 2nd period - Shot Blocked by Alexander Edler.
10:15 of 2nd period - Slapshot by Sean Zimmerman.
10:15 of 2nd period - Shot Blocked by Ben Harpur.
10:46 of 2nd period - Gilbert Brule is hit by Cam Fowler and loses puck.
10:51 of 2nd period - Slapshot by Jordan Szwarz.
10:51 of 2nd period - Shot Misses the Net.
10:53 of 2nd period - Backhand shot by Jordan Szwarz.
10:53 of 2nd period - Stopped by Petr Mrazek with a rebound.
10:55 of 2nd period - Slapshot by Justin Schultz.
10:55 of 2nd period - Shot Misses the Net.
10:57 of 2nd period - Slapshot by Justin Schultz.
10:57 of 2nd period - Shot Blocked by Ilya Kovalchuk.
11:41 of 2nd period - Minor Penalty to Derek Roy for Goalie Interference.
11:42 of 2nd period - J.T. Miller wins face-off versus Mika Zibanejad in Canucks zone.
13:41 of 2nd period - Penalty to Derek Roy is over, Derek Roy is back on ice.
13:49 of 2nd period - Mika Zibanejad is hit by Derek Roy and loses puck.
14:40 of 2nd period - Snap shot by Marcus Kruger.
14:40 of 2nd period - Goal by Marcus Kruger - Canucks : 0 - Canadiens : 3.
14:41 of 2nd period - Vincent Trocheck wins face-off versus Alexander Kerfoot in neutral zone.
15:06 of 2nd period - Tyler Myers is hit by Chris Kreider and loses puck.
15:30 of 2nd period - Off-side.
15:31 of 2nd period - Gilbert Brule wins face-off versus Cody Eakin in neutral zone.
15:34 of 2nd period - Marcus Kruger is hit by Ilya Kovalchuk and loses puck.
16:07 of 2nd period - Wrist shot by Brandon Bollig.
16:07 of 2nd period - Shot Blocked by Gilbert Brule.
16:09 of 2nd period - Snap shot by Marcus Kruger.
16:09 of 2nd period - Shot Misses the Net.
16:17 of 2nd period - Snap shot by Cody Eakin.
16:17 of 2nd period - Shot Misses the Net.
16:43 of 2nd period - Backhand shot by Marcus Kruger.
16:43 of 2nd period - Deflect By Oliver Ekman-Larsson.
16:43 of 2nd period - Goal by Marcus Kruger - Canucks : 0 - Canadiens : 4.
16:44 of 2nd period - Alexander Kerfoot wins face-off versus Mika Zibanejad in neutral zone.
17:35 of 2nd period - Slapshot by Justin Schultz.
17:35 of 2nd period - Goal by Justin Schultz - Canucks : 0 - Canadiens : 5.
17:35 of 2nd period - Matt Hackett enters game.
17:36 of 2nd period - Mika Zibanejad wins face-off versus Alexander Kerfoot in neutral zone.
18:48 of 2nd period - Wrist shot by Alexander Kerfoot.
18:48 of 2nd period - Stopped by Robin Lehner without a rebound.
18:49 of 2nd period - Alexander Kerfoot wins face-off versus Mika Zibanejad in Canadiens zone.
19:07 of 2nd period - Minor Penalty to Oliver Ekman-Larsson for Hooking.
19:08 of 2nd period - J.T. Miller wins face-off versus Mika Zibanejad in Canucks zone.
19:34 of 2nd period - Tony DeAngelo is hit by Jordan Szwarz.
Goals for this period are 0 for Canucks vs 5 for Canadiens.
Shots for this period are 9 for Canucks vs 8 for Canadiens.
3rd period
0:01 of 3rd period - Jordan Eberle wins face-off versus David Pastrnak in neutral zone.
0:26 of 3rd period - J.T. Miller is hit by Jordan Szwarz and loses puck.
1:07 of 3rd period - Penalty to Oliver Ekman-Larsson is over, Oliver Ekman-Larsson is back on ice.
1:19 of 3rd period - Brent Burns is hit by Chris Bourque and loses puck.
1:26 of 3rd period - Snap shot by Oliver Ekman-Larsson.
1:26 of 3rd period - Shot Misses the Net.
1:28 of 3rd period - Slapshot by Tyler Myers.
1:28 of 3rd period - Deflect By Chris Bourque.
1:28 of 3rd period - Stopped by Robin Lehner with a rebound.
2:10 of 3rd period - Wrist shot by Vincent Trocheck.
2:10 of 3rd period - Stopped by Matt Hackett with a rebound.
3:11 of 3rd period - Slapshot by Brandon Bollig.
3:11 of 3rd period - Shot Blocked by Ben Harpur.
3:13 of 3rd period - Slapshot by Sean Zimmerman.
3:13 of 3rd period - Deflect By Marcus Kruger.
3:13 of 3rd period - Shot Misses the Net.
3:13 of 3rd period - Puck is out of play.
3:14 of 3rd period - Mika Zibanejad wins face-off versus Robert Nilsson in Canucks zone.
3:43 of 3rd period - Snap shot by Robert Nilsson.
3:43 of 3rd period - Stopped by Robin Lehner with a rebound.
3:49 of 3rd period - Wrist shot by J.T. Miller.
3:49 of 3rd period - Stopped by Robin Lehner without a rebound.
3:50 of 3rd period - Alexander Kerfoot wins face-off versus Mika Zibanejad in Canadiens zone.
4:04 of 3rd period - Wrist shot by Mika Zibanejad.
4:04 of 3rd period - Stopped by Matt Hackett without a rebound.
4:05 of 3rd period - Alexander Kerfoot wins face-off versus Vincent Trocheck in Canucks zone.
4:53 of 3rd period - Alexander Kerfoot is hit by Justin Schultz and loses puck.
5:04 of 3rd period - Minor Penalty to Justin Schultz for High sticking.
5:05 of 3rd period - Alexander Kerfoot wins face-off versus Chris Kreider in Canadiens zone.
5:43 of 3rd period - Chris Kreider is hit by Lawson Crouse and loses puck.
7:04 of 3rd period - Penalty to Justin Schultz is over, Justin Schultz is back on ice.
7:13 of 3rd period - Tony DeAngelo is hit by Brandon Bollig and loses puck.
7:28 of 3rd period - Chris Bourque is hit by Corban Knight and loses puck.
10:12 of 3rd period - Chris Kreider is hit by Alexander Kerfoot and loses puck.
10:24 of 3rd period - Justin Schultz is hit by Alexander Kerfoot and loses puck.
10:45 of 3rd period - Wrist shot by Chris Kreider.
10:45 of 3rd period - Stopped by Matt Hackett without a rebound.
10:46 of 3rd period - Robert Nilsson wins face-off versus Vincent Trocheck in Canucks zone.
10:55 of 3rd period - Snap shot by Denis Gurianov.
10:55 of 3rd period - Stopped by Robin Lehner without a rebound.
10:56 of 3rd period - Vincent Trocheck wins face-off versus Robert Nilsson in Canadiens zone.
10:56 of 3rd period - Vincent Trocheck is hit by Denis Gurianov.
11:04 of 3rd period - Snap shot by Jordan Eberle.
11:04 of 3rd period - Goal by Jordan Eberle - Canucks : 1 - Canadiens : 5.
11:05 of 3rd period - Alexander Kerfoot wins face-off versus Mika Zibanejad in neutral zone.
11:30 of 3rd period - Chris Kreider is hit by Chris Bourque and loses puck.
12:22 of 3rd period - Off-side.
12:23 of 3rd period - Corban Knight wins face-off versus Alexander Kerfoot in neutral zone.
12:30 of 3rd period - Snap shot by Corban Knight.
12:30 of 3rd period - Shot Misses the Net.
12:48 of 3rd period - Snap shot by Chris Bourque.
12:48 of 3rd period - Shot Misses the Net.
12:50 of 3rd period - Wrist shot by Gilbert Brule.
12:50 of 3rd period - Stopped by Robin Lehner without a rebound.
12:51 of 3rd period - Ilya Kovalchuk wins face-off versus Mika Zibanejad in Canadiens zone.
12:54 of 3rd period - Snap shot by Tony DeAngelo.
12:54 of 3rd period - Deflect By Ilya Kovalchuk.
12:54 of 3rd period - Shot Misses the Net.
12:54 of 3rd period - Puck is out of play.
12:55 of 3rd period - Alexander Kerfoot wins face-off versus Mika Zibanejad in Canadiens zone.
12:56 of 3rd period - Slapshot by J.T. Miller.
12:56 of 3rd period - Stopped by Robin Lehner with a rebound.
12:58 of 3rd period - Snap shot by Alexander Kerfoot.
12:58 of 3rd period - Shot Misses the Net.
13:00 of 3rd period - Slapshot by Tony DeAngelo.
13:00 of 3rd period - Stopped by Robin Lehner without a rebound.
13:01 of 3rd period - Mika Zibanejad wins face-off versus Alexander Kerfoot in Canadiens zone.
13:01 of 3rd period - Mika Zibanejad is hit by Lawson Crouse.
13:04 of 3rd period - Minor Penalty to Brian Dumoulin for Holding.
13:05 of 3rd period - Alexander Kerfoot wins face-off versus Chris Kreider in Canadiens zone.
13:09 of 3rd period - Wrist shot by J.T. Miller.
13:09 of 3rd period - Shot Misses the Net.
13:11 of 3rd period - Slapshot by Oliver Ekman-Larsson.
13:11 of 3rd period - Stopped by Robin Lehner with a rebound.
13:34 of 3rd period - Off-side.
13:35 of 3rd period - Chris Kreider wins face-off versus Robert Nilsson in neutral zone.
14:01 of 3rd period - David Pastrnak is hit by J.T. Miller and loses puck.
15:04 of 3rd period - Penalty to Brian Dumoulin is over, Brian Dumoulin is back on ice.
15:33 of 3rd period - Slapshot by Teemu Hartikainen.
15:33 of 3rd period - Shot Blocked by Alexandre Grenier.
15:35 of 3rd period - Snap shot by Oliver Ekman-Larsson.
15:35 of 3rd period - Stopped by Robin Lehner without a rebound.
15:36 of 3rd period - Alexander Kerfoot wins face-off versus Chris Kreider in Canadiens zone.
15:37 of 3rd period - Wrist shot by J.T. Miller.
15:37 of 3rd period - Stopped by Robin Lehner without a rebound.
15:38 of 3rd period - Alexander Kerfoot wins face-off versus Mika Zibanejad in Canadiens zone.
15:43 of 3rd period - Snap shot by J.T. Miller.
15:43 of 3rd period - Shot Misses the Net.
15:49 of 3rd period - Slapshot by Cam Fowler.
15:49 of 3rd period - Deflect By Tony DeAngelo.
15:49 of 3rd period - Stopped by Matt Hackett with a rebound.
15:51 of 3rd period - Wrist shot by Chris Kreider.
15:51 of 3rd period - Shot Blocked by Tony DeAngelo.
15:53 of 3rd period - Snap shot by Mika Zibanejad.
15:53 of 3rd period - Shot Blocked by Tony DeAngelo.
15:55 of 3rd period - Wrist shot by Chris Kreider.
15:55 of 3rd period - Stopped by Matt Hackett without a rebound.
15:56 of 3rd period - Alexander Kerfoot wins face-off versus Vincent Trocheck in Canucks zone.
15:56 of 3rd period - Alexander Kerfoot is hit by Vincent Trocheck.
16:27 of 3rd period - Ilya Kovalchuk is hit by David Pastrnak and loses puck.
16:35 of 3rd period - Minor Penalty to Gilbert Brule for Roughing.
16:36 of 3rd period - J.T. Miller wins face-off versus Mika Zibanejad in Canucks zone.
17:10 of 3rd period - Wrist shot by Vincent Trocheck.
17:10 of 3rd period - Stopped by Matt Hackett without a rebound.
17:11 of 3rd period - Robert Nilsson wins face-off versus Mika Zibanejad in Canucks zone.
17:24 of 3rd period - Snap shot by Mika Zibanejad.
17:24 of 3rd period - Shot Hit the Post.
17:50 of 3rd period - Jordan Szwarz is hit by Lawson Crouse and loses puck.
17:54 of 3rd period - Icing by Vincent Trocheck.
17:55 of 3rd period - J.T. Miller wins face-off versus Vincent Trocheck in Canadiens zone.
17:56 of 3rd period - Snap shot by Jordan Eberle.
17:56 of 3rd period - Stopped by Robin Lehner with a rebound.
18:33 of 3rd period - Brian Dumoulin is hit by Lawson Crouse and loses puck.
18:35 of 3rd period - Penalty to Gilbert Brule is over, Gilbert Brule is back on ice.
18:58 of 3rd period - Wrist shot by Artemi Panarin.
18:58 of 3rd period - Stopped by Matt Hackett with a rebound.
19:00 of 3rd period - Slapshot by Vincent Trocheck.
19:00 of 3rd period - Deflect By Artemi Panarin.
19:00 of 3rd period - Stopped by Matt Hackett with a rebound.
19:46 of 3rd period - Snap shot by Jordan Szwarz.
19:46 of 3rd period - Stopped by Matt Hackett without a rebound.
19:47 of 3rd period - Mika Zibanejad wins face-off versus Derek Roy in Canucks zone.
19:48 of 3rd period - Wrist shot by Chris Kreider.
19:48 of 3rd period - Shot Misses the Net.
19:50 of 3rd period - Wrist shot by David Pastrnak.
19:50 of 3rd period - Shot Blocked by Alexander Edler.
19:52 of 3rd period - Slapshot by Rasmus Ristolainen.
19:52 of 3rd period - Shot Misses the Net.
19:54 of 3rd period - Snap shot by David Pastrnak.
19:54 of 3rd period - Shot Misses the Net.
19:56 of 3rd period - Slapshot by Mika Zibanejad.
19:56 of 3rd period - Shot Misses the Net.
19:58 of 3rd period - Wrist shot by Chris Kreider.
19:58 of 3rd period - Deflect By Mika Zibanejad.
19:58 of 3rd period - Shot Misses the Net.
19:58 of 3rd period - Puck is out of play.
19:59 of 3rd period - Derek Roy wins face-off versus Mika Zibanejad in Canucks zone.
Goals for this period are 1 for Canucks vs 0 for Canadiens.
Shots for this period are 12 for Canucks vs 9 for Canadiens.